 Dungeon Crawl Stone Soup version 0.21.1-1-g345015f (webtiles) character file.

704 Monsterracer the Conjurer (level 7, -7/41 HPs)
             Began as an Octopode Wizard on Feb 13, 2018.
             Killed from afar by an orc wizard (13 damage)
             ... with a puff of frost
             ... on level 4 of the Dungeon.
             The game lasted 00:09:27 (5238 turns).

Monsterracer the Conjurer (Octopode Wizard)         Turns: 5238, Time: 00:09:28

Health: -7/41      AC:  1    Str:  6    XL:     7   Next: 66%
Magic:  5/14       EV: 13    Int: 23    God:
Gold:   263        SH:  0    Dex: 10    Spells: 6/15 levels left

rFire    . . .     SeeInvis .   a - +4 dagger (venom)
rCold    . . .     Gourm    .   (no shield)
rNeg     . . .     Faith    .   d - +0 hat
rPois    .         Spirit   .   (no amulet)
rElec    .         Reflect  .   (no ring)
rCorr    .         Harm     .   (no ring)
MR       .....                  (no ring)
Stlth    +++.......             (no ring)
HPRegen  0.13/turn              (no ring)
MPRegen  0.14/turn              (no ring)
                                (no ring)
                                (no ring)

@: no status effects
A: almost no armour, stealthy swim, amphibious, 8 rings, constrict 8, camouflage
1, gelatinous body 1
a: no special abilities


You were on level 4 of the Dungeon.
You were not hungry.

You visited 1 branch of the dungeon, and saw 5 of its levels.

You collected 263 gold pieces.

Inventory:

Hand Weapons
 a - a +4 dagger of venom (weapon)
 b - a +0 trident
Armour
 d - a +0 hat (worn)
 l - a +0 shield
Wands
 j - a wand of flame (56)
 m - a wand of polymorph (8)
Scrolls
 f - 4 scrolls of teleportation
 i - a scroll of magic mapping {unknown}
Potions
 e - 3 potions of curing
 g - a potion of ambrosia {!q}
 h - a potion of agility {unknown}
 k - 2 potions of lignification
 n - 2 potions of heal wounds {unknown}
Comestibles
 c - 6 rations


   Skills:
 - Level 2.0 Dodging
 - Level 4.6 Stealth
 + Level 4.6 Spellcasting
 * Level 6.6 Conjurations
   Level 1.0 Summonings
 - Level 1.0 Translocations


You had 6 spell levels left.
You knew the following spells:

 Your Spells              Type           Power        Failure   Level  Hunger
a - Magic Dart            Conj           ####         1%          1    None
b - Conjure Flame         Conj/Fire      ###.....     8%          3    ##.....
c - Mephitic Cloud        Conj/Pois/Air  ###.....     12%         3    ##.....
e - Blink                 Tloc           N/A          10%         2    None


Dungeon Overview and Level Annotations

Branches:
Dungeon (5/15)
 Temple: D:4-7

Altars:
Kikubaaqudgha
Qazlal
Ru


Innate Abilities, Weirdness & Mutations

You cannot wear most types of armour.
You are very stealthy in the water. (Stealth+)
You are amphibious.
You can wear up to eight rings at the same time.
You can use your tentacles to constrict eight enemies at once.
Your skin changes colour to match your surroundings (Stealth+).
Your rubbery body absorbs attacks. (AC +1, EV +1)


Message History

Confirm with . or Enter, or press ? or * to list all spells.
Aiming: Magic Dart
Press: ? - help, Shift-Dir - straight line, f/p - hound skeleton
Aim: a hound skeleton (moderately damaged)
The magic dart hits the hound skeleton.
The hound skeleton is moderately damaged.
The hound skeleton bites you but does no damage.
The hound skeleton bites you.
You take 2 damage, and have 23/41 hp.
You now have 11/13 mp.
Casting: Magic Dart
Confirm with . or Enter, or press ? or * to list all spells.
Aiming: Magic Dart
Press: ? - help, Shift-Dir - straight line, f/p - hound skeleton
Aim: a hound skeleton (moderately damaged)
The magic dart hits the hound skeleton.
The hound skeleton is heavily damaged.
The hound skeleton barely misses you.
You now have 10/13 mp.
Casting: Magic Dart
Confirm with . or Enter, or press ? or * to list all spells.
Aiming: Magic Dart
Press: ? - help, Shift-Dir - straight line, f/p - hound skeleton
Aim: a hound skeleton (heavily damaged)
The magic dart hits the hound skeleton.
The hound skeleton is severely damaged.
The hound skeleton bites you but does no damage.
You now have 9/13 mp.
Casting: Magic Dart
Confirm with . or Enter, or press ? or * to list all spells.
Aiming: Magic Dart
Press: ? - help, Shift-Dir - straight line, f/p - hound skeleton
Aim: a hound skeleton (severely damaged)
The magic dart hits the hound skeleton.
The hound skeleton is almost destroyed.
The hound skeleton closely misses you.
The hound skeleton bites you but does no damage.
You now have 8/13 mp.
Casting: Magic Dart
Confirm with . or Enter, or press ? or * to list all spells.
Aiming: Magic Dart
Press: ? - help, Shift-Dir - straight line, f/p - hound skeleton
Aim: a hound skeleton (almost destroyed)
The magic dart hits the hound skeleton.
You destroy the hound skeleton!
You now have 7/14 mp.
Casting: Magic Dart
Confirm with . or Enter, or press ? or * to list all spells.
Aiming: Magic Dart
Press: ? - help, Shift-Dir - straight line, f - orc
Aim: an orc, wielding a dagger and wearing a leather armour The magic dart hits something.
Something hits you.
* * * LOW HITPOINT WARNING * * *
You take 3 damage, and have 20/41 hp.
Casting: Magic Dart
Confirm with . or Enter, or press ? or * to list all spells.
Aiming: Magic Dart
Press: ? - help, Shift-Dir - straight line, f/p - orc
Aim: an orc, wielding a dagger and wearing a leather armour The magic dart hits something.
You hear some strange, mumbled words.
You now have 6/14 mp.
Casting: Magic Dart
Confirm with . or Enter, or press ? or * to list all spells.
Aiming: Magic Dart
Press: ? - help, Shift-Dir - straight line, f/p - orc
Aim: an orc, wielding a dagger and wearing a leather armour The magic dart hits something.
You hear some strange, mumbled words.
A magic dart appears from out of thin air!
The magic dart hits you!
* * * LOW HITPOINT WARNING * * *
Something hits you.
* * * LOW HITPOINT WARNING * * *
You take 12 damage, and have 8/41 hp.
MASSIVE DAMAGE!!
You now have 5/14 mp.
Casting: Magic Dart
Confirm with . or Enter, or press ? or * to list all spells.
Aiming: Magic Dart
Press: ? - help, Shift-Dir - straight line, f/p - orc
Aim: an orc, wielding a dagger and wearing a leather armour The magic dart hits something.
You now have 4/14 mp.
Something hits you but does no damage. The orc hits you with a dagger.
* * * LOW HITPOINT WARNING * * *
You climb upwards.
There is a stone staircase leading down here.
You take 4 damage, and have 5/41 hp.
Unknown command.
Unknown command.
Unknown command.
You miss something. Something barely misses you.
The orc hits you with a dagger.
* * * LOW HITPOINT WARNING * * *
You take 4 damage, and have 1/41 hp.
You feel better. Something hits you.
* * * LOW HITPOINT WARNING * * *
The orc barely misses you.
You hear some strange, mumbled words.
A puff of frost appears from out of thin air!
The puff of frost hits you!
You die...

##.############....!.....#
########........................#
................#########.####..#
#####..#..###.#.# #.# #..#
#.........# #.#.# #.# #..#
......##### #.#.# #.# #...
#..##.# #.#.##### #.# #.##
#..##.#######.#o....# #.# #.#
#..##...........@...# #.# #.#
#..##########.#####.# #.# #.#
#.........# #.# #.# #.# #.#
...######.# #.#####.#####.# #.#
.### #.# #.............# #.# .#
#.# #######.##########.## .# #.#
####.# #......... .# #.# #....#
#.#..<..## .# #.######.##.#
#.#.#####


You could see an orc.

Vanquished Creatures
  Grinder (D:3)
  The ghost of letownia2 the Spear-Bearer, an amateur MfGl (D:4)
  A bullfrog (D:2)
  2 jellies
  A hound (D:4)
  A centaur skeleton (D:4)
  Jessica (D:3)
  A worker ant (D:4)
  Terence (D:3)
  A hound skeleton (D:5)
  3 adders
  2 oozes
  2 dart slugs (D:2)
  7 leopard geckos
  4 orcs
  4 giant cockroaches (D:2)
  10 goblins
  9 hobgoblins
  6 jackals
  A quokka (D:4)
  2 ball pythons
  7 bats
  5 frilled lizards
  3 kobolds
  A quokka skeleton (D:4)
  5 rats
82 creatures vanquished.

Notes
Turn   | Place    | Note
-------+----------+-------------------------------------------
     0 | D:1      | Monsterracer the Octopode Wizard began the quest for the Orb.
     0 | D:1      | Reached XP level 1. HP: 11/11 MP: 4/4
   215 | D:1      | Reached skill level 2 in Conjurations
   215 | D:1      | Reached XP level 2. HP: 11/17 MP: 0/6
   277 | D:1      | Learned a level 2 spell: Blink
   798 | D:1      | Reached XP level 3. HP: 21/21 MP: 4/7
   803 | D:1      | Learned a level 3 spell: Conjure Flame
  1051 | D:1      | Reached skill level 3 in Conjurations
  1840 | D:2      | Found an ancient bone altar of Kikubaaqudgha.
  1907 | D:2      | Reached XP level 4. HP: 17/27 MP: 1/8
  2067 | D:2      | Noticed a bullfrog
  2093 | D:2      | Killed a bullfrog
  2093 | D:2      | Reached skill level 4 in Conjurations
  2093 | D:2      | Reached XP level 5. HP: 22/31 MP: 0/10
  2101 | D:2      | Learned a level 3 spell: Mephitic Cloud
  2195 | D:2      | Found a stormy altar of Qazlal.
  3048 | D:3      | Noticed Grinder
  3078 | D:3      | Paralysed by Grinder for 4 turns
  3105 | D:3      | HP: 14/31 [Grinder (5)]
  3107 | D:3      | Killed Grinder
  3107 | D:3      | Reached skill level 5 in Conjurations
  3107 | D:3      | Reached XP level 6. HP: 16/36 MP: 2/12
  3295 | D:3      | Found a sacrificial altar of Ru.
  3297 | D:3      | Noticed Jessica
  3303 | D:3      | Killed Jessica
  3319 | D:3      | Became a worshipper of Ru the Awakened
  3421 | D:3      | Noticed Terence
  3426 | D:3      | Killed Terence
  3501 | D:3      | Found a stormy altar of Qazlal.
  4009 | D:4      | Reached XP level 7. HP: 41/41 MP: 8/13
  4109 | D:4      | Noticed letownia2's ghost (amateur MfGl)
  4164 | D:4      | HP: 20/41 [letownia2's ghost (12)]
  4166 | D:4      | Killed letownia2's ghost
  4166 | D:4      | Reached skill level 6 in Conjurations
  4976 | D:4      | Fell from the grace of Ru
  5202 | D:5      | Entered Level 5 of the Dungeon
  5231 | D:5      | HP: 20/41 [something (3)]
  5233 | D:5      | HP: 8/41 [something (5)]
  5237 | D:4      | HP: 1/41 [orc/dagger (4)]
  5238 | D:4      | Killed from afar by an orc wizard

Skill      XL: |  1  2  3  4  5  6  7 |
---------------+----------------------+-----
Conjurations   | 2 3 4 5 6 |  6.6
Stealth        | 3 4 |  4.6
Spellcasting   | 4 |  4.6
Dodging        | |  2.0
Summonings     | |  1.0
Translocations | |  1.0

Action                   |  1- 3 |  4- 6 |  7- 9 || total
-------------------------+-------+-------+-------++-------
Melee: Unarmed           |     1 |    11 |       ||    12
       Hunting sling     |     4 |     8 |       ||    12
       Constrict         |     1 |     3 |       ||     4
       Tentacles         |     1 |       |       ||     1
       Dagger            |       |     5 |     1 ||     6
       Trident           |       |       |     3 ||     3
 Cast: Magic Dart        |    86 |    65 |    70 ||   221
       Conjure Flame     |       |     1 |     2 ||     3
       Blink             |       |     1 |       ||     1
Invok: Renounce Religion |       |       |     1 ||     1
  Use: Scroll            |     3 |     8 |       ||    11
       Potion            |       |       |     1 ||     1
 Stab: Sleeping          |       |     1 |       ||     1
  Eat: Chunk             |     3 |     6 |     4 ||    13
Armor: Skin              |     1 |     4 |     3 ||     8
Dodge: Dodged            |    13 |    20 |    15 ||    48

Vault maps used:
D:1:      tarquinn_simple_flora_water_d, hangedman_abyss_or_decor_stabs
D:2:      lemuel_round_altar, overflow_temple_1_default, first_ration
D:3:      nicolae_ru_awakened_eye, nicolae_qazlal_eye_of_the_storm,
          uniq_jessica, uniq_terence, uniq_grinder
D:5:      lemuel_ratsnest, kennysheep_mini_moat, lemuel_coloured_pillars_altar,
          minmay_temple_entry_overgrown, basic_altar, uniq_duvessa,
          uniq_blork_the_orc
